 Dungeon Crawl Stone Soup version 0.17.0-56-gd8de76c (console) character file.

136 Kloppie the Firebug (level 5, -2/38 HPs)
             Began as a Hill Orc Fire Elementalist on Dec 6, 2015.
             Killed from afar by an orc wizard (4 damage)
             ... with a puff of flame
             ... on level 3 of the Dungeon.
             The game lasted 00:06:52 (3906 turns).

Kloppie the Firebug (Hill Orc Fire Elementalist)    Turns: 3906, Time: 00:06:53

Health: -2/38      AC:  3    Str: 11    XL:     5   Next: 19%
Magic:  1/8        EV: 12    Int: 16    God:
Gold:   172        SH:  0    Dex: 11    Spells: 2 memorised, 2 levels left

rFire  . . .     SeeInvis .     o - +0 flail
rCold  . . .     Clarity  .     a - +0 robe
rNeg   . . .     SustAt   .     (no shield)
rPois  .         Gourm    .     (no helmet)
rElec  .         Spirit   .     (no cloak)
rCorr  .         Warding  .     m - +0 pair of gloves
rMut   .         Stasis   .     (no boots)
MR     .....                    (no amulet)
Stlth  +.........               (no ring)
                                (no ring)

@: confused, not resistant to hostile enchantments, very unstealthy
A: no striking features
a: no special abilities


You were on level 3 of the Dungeon.
You were hungry.

You visited 1 branch of the dungeon, and saw 4 of its levels.

You collected 172 gold pieces.

Inventory:

Hand Weapons
 d - a +0 mace
 o - a +0 flail (weapon)
Armour
 a - a +0 robe (worn)
 g - a +0 shield
 m - a +0 pair of gloves (worn)
Jewellery
 s - a cursed -6 ring of evasion {unknown}
Scrolls
 e - 4 scrolls of teleportation {unknown}
 i - 2 scrolls of identify {unknown}
 k - a scroll of remove curse {unknown}
 n - a scroll of recharging {unknown}
 p - a scroll of immolation {unknown}
 q - a scroll of magic mapping {unknown}
 t - a scroll of fear {unknown}
Potions
 h - 2 potions of heal wounds {unknown}
 j - 2 potions of magic {unknown}
 u - a potion of agility {unknown}
 v - a potion of cure mutation {unknown}
Books
 b - a book of Flames

   Spells                             Type                      Level
   a - Flame Tongue                   Conjuration/Fire             1
   b - Throw Flame                    Conjuration/Fire             2
   c - Conjure Flame                  Conjuration/Fire             3
   d - Inner Flame                    Hexes/Fire                   3
   e - Sticky Flame                   Conjuration/Fire             4
   f - Fireball                       Conjuration/Fire             5
Comestibles
 c - 4 bread rations
 f - 7 fruits
 l - a meat ration


   Skills:
 - Level 1.5 Dodging
 - Level 1.5 Stealth
 - Level 2.3 Spellcasting
 + Level 2.6 Conjurations
 + Level 4.9 Fire Magic


You had 2 spell levels left.
You knew the following spells:

 Your Spells              Type           Power        Failure   Level  Hunger
a - Flame Tongue          Conj/Fire      ##...        6%          1    #......
b - Fireball              Conj/Fire      ##........   96%         5    ######.


Dungeon Overview and Level Annotations

Branches:
Dungeon (4/15)
 Temple: D:4-7

Altars:
Elyvilon
Fedhas
Gozag


Message History

Casting: Flame Tongue
Confirm with . or Enter, or press ? or * to list all spells.
Aiming: Flame Tongue
Press: ? - help, Shift-Dir - straight line Something hits you.
* * * LOW HITPOINT WARNING * * *
Casting: Flame Tongue
Confirm with . or Enter, or press ? or * to list all spells.
Aiming: Flame Tongue
Press: ? - help, Shift-Dir - straight line You hear some strange, mumbled words.
You are confused.
You miss something. Something hits you.
* * * LOW HITPOINT WARNING * * *
You bump into the rock wall.
Something hits you but does no damage.
You miss something.
You hear some strange, mumbled words.
A puff of flame appears from out of thin air!
The puff of flame hits you!
You die...

#########
##############.......##
#..)>{@................
#...)..................
#....!.................
####+###..............#
##..............#
.................
#.............#.
..#.............#.
........###'#.....#


There were no monsters in sight!

Vanquished Creatures
  3 adders
  4 oozes
  A worm (D:3)
  2 giant geckos
  5 orcs
  4 giant cockroaches
  15 goblins
  13 hobgoblins
  2 jackals (D:2)
  2 quokkas (D:3)
  8 bats
  2 giant newts
  12 kobolds
  7 rats
80 creatures vanquished.

Notes
Turn   | Place    | Note
--------------------------------------------------------------
     0 | D:1      | Kloppie the Hill Orc Fire Elementalist began the quest for the Orb.
     0 | D:1      | Reached XP level 1. HP: 14/14 MP: 3/3
   316 | D:1      | Reached XP level 2. HP: 18/20 MP: 0/4
   980 | D:1      | Reached XP level 3. HP: 26/26 MP: 6/6
  1628 | D:2      | Reached skill level 4 in Fire Magic
  2223 | D:2      | Reached XP level 4. HP: 30/33 MP: 7/7
  2226 | D:2      | Found a white marble altar of Elyvilon.
  2763 | D:2      | Found a faded altar to an unknown god.
  2886 | D:2      | Found an opulent altar of Gozag.
  2922 | D:2      | Found a blossoming altar of Fedhas.
  3386 | D:3      | Reached XP level 5. HP: 38/38 MP: 5/8
  3418 | D:3      | Learned a level 5 spell: Fireball
  3906 | D:3      | Killed from afar by an orc wizard

Action                   |  1- 3 |  4- 6 || total
-------------------------+-------+-------++-------
Melee: Unarmed           |     9 |       ||     9
       Mace              |    90 |    29 ||   119
       Flail             |       |    93 ||    93
 Cast: Flame Tongue      |    33 |    22 ||    55
 Stab: Sleeping          |       |     2 ||     2
  Eat: Chunk             |     5 |     5 ||    10
